AoeStats
← lihom1987

Arena

510522169Analyzed
3v3 RM · 2d ago on Oct 1, 2026· 49m 3s· 6 players
Game mode
Random Map
Map size
Normal (6 player)
Population
200
Speed
Normal
Resources
Standard
Victory
Conquest
Starting age
Dark Age
Ending age
Imperial Age
RankedLock teamsTeams togetherTeam positionsShared explorationLock speedFull tech treeHidden civsTurbo modeCheats
Victory
Defeat
🇦🇷 Britons · Argentina
844
+15
🇨🇱 Vikings · Chile
829
+16
🇬🇧 Danes · United Kingdom
787
+18
🇷🇺 Saxons · Russia
834
-17
🇺🇸 Franks · United States
819
-16
🇹🇼 Aztecs · Taiwan
811
-34
zaff007008
10:48 Feudal Age
11:19 Double-Bit Axe
18:50 Castle Age
17:41 Gold Mining
18:08 Forging
18:06 Scale Barding Armor
18:18 Fletching
19:30 Padded Archer Armor
20:38 Gold Shaft Mining
22:45 Husbandry
22:49 Stone Mining
23:11 Bow Saw
24:24 Wheelbarrow
27:03 Hand Cart
26:15 Crossbowman
27:32 Loom
34:36 Imperial Age
33:07 Bodkin Arrow
35:16 Iron Casting
34:59 Leather Archer Armor
34:36 Loom
35:26 Ballistics
35:20 Cavalier
37:57 Chemistry
37:30 Chain Barding Armor
Burum
10:02 Feudal Age
16:14 Castle Age
14:31 Horse Collar
14:38 Double-Bit Axe
17:06 Loom
18:29 Bow Saw
21:34 Bow Saw
21:27 Heavy Plow
23:16 Elite Skirmisher
24:43 Padded Archer Armor
24:34 Fletching
24:55 Forging
24:45 Scale Mail Armor
26:25 Leather Archer Armor
30:19 Squires
33:31 Pikeman
35:00 Wheelbarrow
36:27 Ballistics
36:26 Masonry
36:12 Murder Holes
36:51 Bodkin Arrow
37:32 Iron Casting
36:57 Scale Mail Armor
41:33 Chain Mail Armor
50:35 Imperial Age
48:24 Hand Cart
48:30 Hand Cart
lihom1987
16:06 Feudal Age
18:44 Wheelbarrow
17:53 Horse Collar
18:03 Double-Bit Axe
19:16 Gold Mining
19:20 Stone Mining
19:47 Arson
24:15 Castle Age
22:41 Fletching
22:53 Padded Archer Armor
24:06 Forging
23:58 Scale Mail Armor
24:57 Caravan
25:09 Squires
24:35 Elite Skirmisher
26:31 Hand Cart
27:02 Pikeman
28:16 Bodkin Arrow
28:56 Iron Casting
28:53 Fervor
28:39 Herbal Medicine
29:06 Sanctity
29:27 Gold Shaft Mining
29:10 Gambesons
30:41 Heavy Plow
30:55 Bow Saw
32:20 Stone Shaft Mining
33:12 Atlatl
35:52 Ballistics
35:13 Treadmill Crane
35:40 Devotion
36:02 Chain Mail Armor
36:03 Leather Archer Armor
36:40 Guard Tower
38:40 Fortified Wall
45:06 Imperial Age
46:11 Garland Wars
46:14 Conscription
antpant1991
1:31 Loom
11:46 Feudal Age
15:26 Double-Bit Axe
18:04 Gold Mining
18:05 Stone Mining
20:36 Castle Age
24:05 Fletching
26:01 Husbandry
26:12 Bloodlines
25:34 Elite Skirmisher
26:22 Thumb Ring
27:00 Wheelbarrow
26:46 Bodkin Arrow
26:58 Scale Barding Armor
31:18 Hand Cart
31:58 Caravan
33:07 Padded Archer Armor
37:16 Imperial Age
35:04 Forging
36:56 Leather Archer Armor
41:43 Onager
42:04 Elite Varangian Guard
42:59 Heavy Mounted Crossbowman
43:04 Cranequins
47:32 Hoardings
47:17 Conscription
Dank
1:42 Loom
10:55 Feudal Age
15:41 Castle Age
14:10 Double-Bit Axe
18:01 Bow Saw
22:44 Wheelbarrow
22:47 Crossbowman
25:11 Fletching
25:21 Padded Archer Armor
26:09 Bodkin Arrow
26:56 Gold Mining
27:24 Hand Cart
28:11 Leather Archer Armor
27:46 Gambesons
28:01 Squires
27:46 Arson
34:35 Imperial Age
33:03 Town Watch
34:03 Pikeman
34:43 Squires
35:16 Forging
35:06 Scale Mail Armor
35:48 Bracer
35:56 Scale Mail Armor
35:57 Halberdier
40:21 Elite Longbowman
42:46 Ring Archer Armor
44:26 Yeomen
43:56 Horse Collar
45:30 Iron Casting
45:10 Chain Mail Armor
46:55 Two-Man Saw
45:53 Arbalester
48:43 Hoardings
47:39 Sappers
48:30 Conscription
48:57 Heavy Plow
medina.nacho27
10:51 Feudal Age
10:19 Loom
16:39 Castle Age
14:26 Horse Collar
15:06 Gold Mining
15:19 Scale Mail Armor
16:08 Stone Mining
16:08 Double-Bit Axe
20:09 Forging
21:10 Bow Saw
23:56 Iron Casting
23:36 Chain Mail Armor
25:54 Chieftains
26:40 Heavy Plow
31:37 Imperial Age
29:33 Squires
30:40 Gold Shaft Mining
30:05 Arson
32:46 Conscription
32:15 Elite Berserk
32:22 Capped Ram
34:47 Blast Furnace
34:18 Plate Mail Armor
34:42 Crop Rotation
34:34 Siege Ram
Connection lost

Rejoining the realm…

Still unreachable

The connection could not be restored.

Session expired

The server has moved on; the page needs a fresh start.